 Dungeon Crawl Stone Soup version 0.23.2-1-ga50397a6bc (webtiles) character file.

Game seed: 8327128696168833620

148 Peloso the Skirmisher (level 5, 0/47 HPs)
             Began as a Minotaur Fighter on May 12, 2019.
             Slain by an iron imp (4 damage)
             ... summoned by Eustachio
             ... on level 4 of the Dungeon.
             The game lasted 00:05:17 (2638 turns).

Peloso the Skirmisher (Minotaur Fighter)            Turns: 2638, Time: 00:05:17

Health: 0/47       AC:  7    Str: 25      XL:     5   Next: 8%
Magic:  4/4        EV:  8    Int:  5      God:
Gold:   211        SH:  9    Dex:  7 (11) Spells: 4/4 levels left

rFire    + . .     SeeInvis .   a - +0 long sword
rCold    . . .     Gourm    .   c - +0 shield
rNeg     . . .     Faith    .   b - +0 scale mail
rPois    .         Spirit   .   (helmet restricted)
rElec    .         Reflect  .   (no cloak)
rCorr    .         Harm     .   (no gloves)
MR       .....                  (no boots)
Stlth    ..........             (no amulet)
HPRegen  0.15/turn              h - ring of protection from fire
MPRegen  0.09/turn              (no ring)

@: mighty
A: retaliatory headbutt, horns 2
a: no special abilities


You were on level 4 of the Dungeon.
You were hungry.

You visited 1 branch of the dungeon, and saw 4 of its levels.

You collected 211 gold pieces.

Inventory:

Hand Weapons
 a - a +0 long sword (weapon)
Armour
 b - a +0 scale mail (worn)
 c - a +0 shield (worn)
Jewellery
 h - a ring of protection from fire (left hand)
 o - an uncursed amulet of rage
 r - a cursed ring of teleportation {unknown}
 t - an uncursed ring of protection from magic
Scrolls
 e - 2 scrolls of remove curse {unknown}
 g - 2 scrolls of teleportation {unknown}
 i - a scroll of fog {unknown}
 j - 5 scrolls of identify {unknown}
 k - a scroll of enchant weapon {unknown}
 m - a scroll of magic mapping {unknown}
 n - a scroll of blinking {unknown}
Potions
 l - 2 potions of curing {unknown}
 p - a potion of resistance {unknown}
 q - 2 potions of agility {unknown}
 s - a potion of heal wounds {unknown}
 v - a potion of haste {unknown}
Comestibles
 f - 8 rations


   Skills:
 + Level 4.4 Fighting
 + Level 4.4 Long Blades
 + Level 4.3 Armour
 + Level 1.3 Dodging
 + Level 0.1 Stealth
 + Level 4.3 Shields


You had 4 spell levels left.
You didn't know any spells.
Your spell library was empty.

Dungeon Overview and Level Annotations

Branches:
Dungeon (4/15)
 Temple: D:4-7

Altars:
Dithmenos
Elyvilon
Kikubaaqudgha
Qazlal
Xom
The Shining One

Annotations:
D:4 Eustachio


Innate Abilities, Weirdness & Mutations

You reflexively headbutt those who attack you in melee.
You have a pair of horns on your head.


Message History

The quasit claws you but does no damage. x2
You block the bat's attack. Eustachio hits you but does no damage.
The iron imp hits you.
* * * LOW HITPOINT WARNING * * *
You barely miss Eustachio. You headbutt Eustachio!
Eustachio is almost dead.
The bat hits you but does no damage. You block the quasit's attack.
The quasit claws you.
* * * LOW HITPOINT WARNING * * *
You feel clumsy. You block the quasit's attack.
The quasit closely misses you. x2
The quasit claws you but does no damage.
Eustachio screams, "At last I'll have my revenge!"
Eustachio mumbles some strange words.
Eustachio blinks!
The quasit closely misses you.
You riposte.
You miss the quasit. Your headbutt misses the quasit.
You block the quasit's attack.
The quasit claws you but does no damage.
The iron imp hits you.
You die...

... ..#....
#.#.... #.
####.#....
##.##########
#..(......
...........##
#.........
#....b.....#
#....<....
###..........#
#.....>...
###......ยง@....#
######....
.........555...#
#.........
..........r....#
#.###.....
.........####.##
#.# #.....
........@# #.#
#.# #.....
.........#
#.####.# #.####
...?.....#
#......# #.#
.........#
######## #.#
...####### #.#


You could see Eustachio, an iron imp, 2 quasits, a river rat and a bat.

Vanquished Creatures
  A howler monkey skeleton (D:3)
  5 adders
  An ooze (D:3)
  3 worms (D:2)
  3 dart slugs (D:2)
  3 leopard geckos
  5 orcs
  3 bats (D:1)
  4 giant cockroaches
  3 goblins
  10 hobgoblins
  2 jackals (D:1)
  2 ball pythons
  7 frilled lizards
  11 kobolds
  5 rats
68 creatures vanquished.

Notes
Turn   | Place    | Note
-------+----------+-------------------------------------------
     0 | D:1      | Peloso the Minotaur Fighter began the quest for the Orb.
     0 | D:1      | Reached XP level 1. HP: 19/19 MP: 0/0
   212 | D:1      | Reached XP level 2. HP: 23/27 MP: 1/1
  1317 | D:2      | Found a stormy altar of Qazlal.
  1323 | D:2      | Found a shadowy altar of Dithmenos.
  1325 | D:2      | Found a shimmering altar of Xom.
  1342 | D:2      | Reached XP level 3. HP: 33/33 MP: 2/2
  1491 | D:2      | Reached skill level 1 in Dodging
  1512 | D:2      | Reached XP level 4. HP: 37/40 MP: 3/3
  2010 | D:3      | Found a white marble altar of Elyvilon.
  2297 | D:3      | Reached XP level 5. HP: 47/47 MP: 4/4
  2394 | D:3      | Found an ancient bone altar of Kikubaaqudgha.
  2394 | D:3      | Found a glowing golden altar of the Shining One.
  2595 | D:4      | Noticed Eustachio
  2638 | D:4      | Slain by an iron imp

Skill      XL: |  1  2  3  4 |
---------------+-------------+-----
Armour         | 4 |  4.3
Shields        | 4 |  4.3
Long Blades    | 3 4 |  4.4
Dodging        | 1 |  1.3
Fighting       | 4 |  4.4
Stealth        | |  0.1

Action                   |  1- 3 |  4- 6 || total
-------------------------+-------+-------++-------
Melee: Long sword        |    95 |   106 ||   201
       Headbutt          |    17 |    15 ||    32
  Use: Potion            |       |     1 ||     1
  Eat: Chunk             |     2 |     3 ||     5
Armor: Scale mail        |    60 |    76 ||   136
Dodge: Dodged            |    42 |    54 ||    96
Block: Shield            |    55 |    79 ||   134
       Rpst.: Long sword |    11 |    14 ||    25
